 Dungeon Crawl Stone Soup version 0.31.0-9-g3a7656b989 (webtiles) character file.

Game seed: 8104475280277443505

410 Descartes the Sneak (level 6, -1/36 HPs)
             Began as an Octopode Hedge Wizard on Jan 26, 2024.
             Slain by an iguana (5 damage)
             ... on level 4 of the Dungeon.
             The game lasted 00:05:45 (3734 turns).

Descartes the Sneak (Octopode Hedge Wizard)         Turns: 3734, Time: 00:05:45

Health: -1/36      AC:  1    Str: 12    XL:     6   Next: 89%
Magic:  9/11       EV: 13    Int: 16    God:
Gold:   185        SH:  0    Dex: 11    Spells: 6/12 levels left

rFire   . . .        j - +2 dagger (speed)
rCold   + . .        (no shield)
rNeg    . . .        b - +0 hat
rPois   .            q - amulet of regeneration
rElec   .            h - ring of protection from cold
rCorr   .            k - ring of willpower
SInv    .            (no ring)
Will    +....        (no ring)
Stlth   ++++         (no ring)
HPRegen 1.06/turn    (no ring)
MPRegen 0.12/turn    (no ring)
                     (no ring)

%: no passive effects
@: no status effects
A: almost no armour, amphibious, 8 rings, camouflage 1, gelatinous body 1,
(nimble swimmer 1), tentacles
a: no special abilities


You were on level 4 of the Dungeon.
You visited 1 branch of the dungeon, and saw 4 of its levels.

You collected 185 gold pieces.

Inventory:

Hand Weapons
 j - a +2 dagger of speed (weapon)
Armour
 b - a +0 hat (worn)
Jewellery
 h - a ring of protection from cold (left tentacle)
 k - a ring of willpower (right tentacle)
 q - an amulet of regeneration (around mantle)
Scrolls
 a - 2 scrolls of fog {unknown}
 e - 2 scrolls of identify {unknown}
 g - a scroll of immolation {unknown}
 i - 2 scrolls of enchant armour {unknown}
 l - a scroll of noise {unknown}
 m - a scroll of brand weapon {unknown}
 n - 2 scrolls of teleportation {unknown}
Potions
 c - 3 potions of magic
 d - 2 potions of lignification
 f - 2 potions of curing
 o - a potion of brilliance {unknown}
 p - a potion of heal wounds {unknown}


   Skills:
 + Level 3.4 Dodging
 + Level 4.8 Stealth
 + Level 3.9 Spellcasting
 + Level 2.7 Conjurations
 - Level 1.9 Summonings
 + Level 2.6 Translocations
 + Level 1.8 Air Magic


You had 6 spell levels left.
You knew the following spells:

 Your Spells              Type           Power      Damage    Failure   Level
a - Magic Dart            Conj           48%        1d5       5%          1
b - Blink                 Tloc           22%        N/A       9%          2
c - Mephitic Cloud        Conj/Alch/Air  8%         N/A       26%         3

Your spell library contained the following spells:

 Spells                   Type           Power      Damage    Failure   Level
 Call Imp                 Summ           18%        N/A       12%         2
 Slow                     Hex            12%        N/A       17%         1
 Cigotuvi's Dreadful Rot  Necr/Alch/Air  10%        N/A       21%         2
 Swiftness                Air            9%         N/A       24%         3
 Ensorcelled Hibernation  Hex/Ice        6%         N/A       26%         2
 Passwall                 Erth           3%         N/A       45%         3


Dungeon Overview and Level Annotations

Branches:
Dungeon (4/15)
 Temple: D:4-7

Altars:
The Shining One


Innate Abilities, Weirdness & Mutations

You cannot wear most types of armour.
You are amphibious.
You can wear up to eight rings at the same time.
Your skin changes colour to match your surroundings (Stealth+).
Your rubbery body absorbs attacks. (AC +1, EV +1)
((You are camouflaged when in or above water. (Stealth+)))
You have tentacles for arms and can constrict up to eight enemies at once.


Message History

The iguana is lightly wounded.
The iguana hisses angrily.
The iguana hisses menacingly.
Unknown command.
Unknown command.
A dart slug comes into view.
Found a stone staircase leading down.
Casting: Magic Dart (safe; 5% risk of failure)
Confirm with . or Enter, or press ? or * to list all spells.
Aiming: Magic Dart (safe; 5% risk of failure)
Press: ? - help, Shift-Dir - straight line, f/p - iguana
Aim: an iguana (lightly wounded, 100% to hit)
The magic dart hits the iguana but does no damage.
The iguana is lightly wounded.
The iguana bites you.
Casting: Magic Dart (safe; 5% risk of failure)
Confirm with . or Enter, or press ? or * to list all spells.
Aiming: Magic Dart (safe; 5% risk of failure)
Press: ? - help, Shift-Dir - straight line, f/p - iguana
Aim: an iguana (lightly wounded, 100% to hit)
The magic dart hits the iguana.
The iguana is lightly wounded.
The dart slug launches a dart at you. The slug dart hits you.
The iguana bites you!
You barely miss the iguana. You grab the iguana.
The iguana is lightly wounded.
You constrict the iguana, but do no damage.
The iguana bites you.
You hit the iguana but do no damage.
The iguana is lightly wounded.
You constrict the iguana. You hit the iguana. You squeeze the iguana.
The iguana is heavily wounded.
You constrict the iguana. The iguana bites you!
* * * LOW HITPOINT WARNING * * *
You hit the iguana but do no damage.
The iguana is heavily wounded.
You constrict the iguana, but do no damage.
The iguana bites you.
You die...

#..........#
#..).......#
...........######
#..............#
######'##......#
#..##......#
#.###.........
#.# #.........
#@# #.........
......wl#
#......#+#
.###...##
#......# #..#
>... ..... ##...
#...


You could see an iguana and a dart slug.

Vanquished Creatures
  A bullfrog (D:4)
  2 scorpions (D:4)
  A howler monkey (D:4)
  2 hounds (D:4)
  5 adders
  3 dart slugs (D:1)
  2 ribbon worms
  An orc (D:3)
  6 endoplasms
  A giant cockroach (D:3)
  13 goblins
  2 hobgoblins
  5 jackals
  4 kobolds
  4 quokkas
  7 ball pythons
  3 bats
  11 frilled lizards
  5 rats
78 creatures vanquished.

Notes
Turn   | Place    | Note
-------+----------+-------------------------------------------
     0 | D:1      | Descartes the Octopode Hedge Wizard began the quest for the
                  | Orb.
     0 | D:1      | Reached XP level 1. HP: 11/11 MP: 4/4
    46 | D:1      | Reached XP level 2. HP: 10/17 MP: 6/6
    56 | D:1      | Reached skill level 3 in Stealth
   160 | D:1      | Reached XP level 3. HP: 21/21 MP: 7/7
   966 | D:2      | Reached XP level 4. HP: 27/27 MP: 8/8
  1825 | D:2      | Learned a level 2 spell: Blink
  1829 | D:2      | Learned a level 3 spell: Mephitic Cloud
  2036 | D:3      | Found a faded altar of an unknown god.
  2114 | D:3      | Found a glowing golden altar of the Shining One.
  2788 | D:3      | Reached XP level 5. HP: 25/31 MP: 4/10
  3159 | D:4      | Reached skill level 4 in Stealth
  3222 | D:4      | Reached skill level 1 in Air Magic
  3259 | D:4      | Reached XP level 6. HP: 21/36 MP: 0/11
  3507 | D:4      | HP: 1/36 [hound (2)]
  3734 | D:4      | Slain by an iguana

Illustrated notes

Levels and vault maps discovered:
D:1:      heliophobic_arrival_battle_scene, layout_loops_ring,
          minmay_lizard_pond
D:2:      layout_basic
D:3:      layout_loops_corners, tso_metal_star, basic_ecumenical_altar,
          chequers_decorated_corner
D:4:      layout_basic, minmay_snake_closets

Skill      XL: |  1  2  3  4  5 |
---------------+----------------+-----
Stealth        | 3 4 |  4.8
Conjurations   | 2 |  2.7
Translocations | 2 |  2.6
Dodging        | 3 |  3.4
Air Magic      | 1 |  1.8
Spellcasting   | |  3.9
Summonings     | |  1.9

Action                     |  1- 3 |  4- 6 || total
---------------------------+-------+-------++-------
  Melee: Dagger            |    87 |    85 ||   172
         Tentacles         |    14 |    15 ||    29
         Constrict         |    16 |    16 ||    32
         Punch             |       |     4 ||     4
   Cast: Magic Dart        |       |   103 ||   103
    Use: Potion            |       |     2 ||     2
   Stab: Sleeping          |    11 |     1 ||    12
 Armour: Skin              |    25 |    67 ||    92
  Dodge: Dodged            |    49 |    38 ||    87
